 Dungeon Crawl Stone Soup version 0.32-a0-842-gbbb8fdbe59 (webtiles) character file.

Game seed: 10428264926803151814

32102 Gargoyl the Cleaver (level 13, -10/126 HPs)
             Began as a Gargoyle Berserker on Mar 27, 2024.
             Was an Elder of Trog.
             Mangled by a komodo dragon (22 damage)
             ... on level 3 of the Lair of Beasts.
             The game lasted 00:24:41 (14645 turns).

Gargoyl the Cleaver (Gargoyle Berserker)           Turns: 14645, Time: 00:24:41

Health: -10/126    AC: 22    Str: 28    XL:     13   Next: 62%
Magic:  13/13      EV: 13    Int:  8    God:    Trog [****..]
Gold:   1205       SH:  5    Dex: 13    Spells: 12/12 levels left

rFire   . . .        k - +1 hand axe (elec)
rCold   . . .        s - +0 buckler
rNeg    + . .        g - +0 ring mail
rPois   ∞            C - +0 helmet
rElec   +            v - +1 cloak {rCorr}
rCorr   +            (no gloves)
SInv    .            e - +1 pair of boots
Will    +++..        (no amulet) Stlth
                     m - ring of willpower
HPRegen 1.41/turn    i - +6 ring of strength
MPRegen 0.13/turn

%: no passive effects
@: berserking (expiring), strong-willed, regenerating, very quick
A: sickness immunity, AC +9, negative energy resistance 1, electricity
resistance, torment resistance 1, petrification resistance
a: Renounce Religion, Berserk, Trog's Hand, Brothers in Arms


You were on level 3 of the Lair of Beasts.
You worshipped Trog.
Trog was greatly pleased with you.
You visited 2 branches of the dungeon, and saw 15 of its levels.
You visited the Abyss 1 time.
You also visited: Sewer.

You collected 1205 gold pieces.

Inventory:

Hand Weapons
 a - a +2 hand axe
 h - a +1 war axe
 k - a +1 hand axe of electrocution (weapon)
 u - a +1 flail of protection
 x - a +2 scimitar of flaming
Missiles
 p - 2 curare-tipped darts (quivered)
Armour
 e - a +1 pair of boots (worn)
 g - a +0 ring mail (worn)
 s - a +0 buckler (worn)
 v - a +1 cloak of preservation (worn)
 C - a +0 helmet (worn)
 K - a +0 pair of gloves
Jewellery
 i - a +6 ring of strength (right hand)
 m - a ring of willpower (left hand)
 o - a ring of willpower
 J - a ring of protection from fire
Wands
 r - a wand of paralysis (8)
 w - a wand of flame (38)
 y - a wand of iceblast (7)
 I - a wand of mindburst (6)
Scrolls
 c - 2 scrolls of identify
 l - 3 scrolls of poison
 t - a scroll of torment
 D - 3 scrolls of teleportation
 H - 2 scrolls of immolation
Potions
 b - a potion of resistance
 d - 2 potions of magic
 f - 6 potions of curing
 j - 4 potions of might
 n - 2 potions of cancellation
 q - 2 potions of haste
 z - 2 potions of lignification
 A - 2 potions of berserk rage
 F - a potion of invisibility
 G - 2 potions of heal wounds {unknown}


   Skills:
 + Level 11.4 Fighting
 + Level 2.3 Long Blades
 + Level 14.1 Axes
 + Level 9.2 Armour
 + Level 7.7 Dodging
 + Level 4.0 Stealth
 + Level 6.5 Shields


You had 12 spell levels left.
You didn't know any spells.
Your spell library was empty.

Dungeon Overview and Level Annotations

Branches:
Dungeon (12/15)            Temple (0/1) D:5            Lair (3/5) D:11
 Shoals (0/4) Lair:2          Orc (0/2) D:9           Sewer (visited)
  Snake: Lair:2-3    Spider: Lair:2-3

Altars:
Ashenzari
Cheibriados
Nemelex Xobeh
Ru
Uskayaw
Vehumet
Wu Jian
Yredelemnul
Zin
Beogh

Shops:
D:4 [


Innate Abilities, Weirdness & Mutations

You are immune to sickness and miasma.
Your stone body is resilient. (AC +9)
You are immune to poison.
You resist negative energy. (rN+)
You are resistant to electric shocks. (rElec)
You are resistant to unholy torment.
You are immune to petrification.


Message History

The polar bear misses your butterfly.
Unknown command.
You hit the komodo dragon.
The komodo dragon is heavily wounded.
You barely miss the hornet. The hornet stings you.
* * * LOW HITPOINT WARNING * * *
The komodo dragon closely misses you.
Unknown command.
You hit the komodo dragon.
Lightning courses through the komodo dragon!!
You kill the komodo dragon!
Trog accepts your kill.
You hit the hornet.
You kill the hornet!
Trog accepts your kill.
You hit the polar bear.
Lightning courses through the polar bear!
The polar bear is heavily wounded.
The basilisk closely misses your butterfly.
The steam dragon completely misses your butterfly.
The steam dragon misses your butterfly.
Unknown command.
You barely miss the polar bear.
The polar bear is heavily wounded.
You hit the komodo dragon but do no damage.
The polar bear closely misses you. The polar bear barely misses you. x2
You block the komodo dragon's attack.
Unknown command.
You slash the polar bear!
The polar bear is almost dead.
You slash the komodo dragon!
The steam dragon completely misses your butterfly.
The steam dragon barely misses your butterfly.
The basilisk completely misses your butterfly.
Unknown command.
You barely miss the polar bear.
The polar bear is almost dead.
You slash the komodo dragon!
The polar bear goes berserk!
The komodo dragon bites you!!
You die...

#...# ########## #.#P
#...# ##≈≈≈≈≈≈≈## ####
#.### #≈≈b≈≈≈≈≈≈###
#..# #≈≈≈.b.≈≈≈≈≈# #.##
##≈≈.....≈~≈### ###
#≈≈≈b.#.......# #
#≈≈≈..#>......#######
#≈b..####.......#....
#≈≈†@## ###........†>
#≈≈lh.# ###.#........
#≈≈≈bD# #....##.#..##
##b~†b# #.P..#######
#≈bbl# ##.P## #≈≈b..
#### .~≈≈~..b
..≈≈≈≈≈~..≈ #####
.~≈≈≈≈≈~≈b.######.#.###


You could see a polar bear (berserk), a komodo dragon (ally target), a basilisk
(ally target) and a steam dragon.

Vanquished Creatures
  4 hydras (Lair:2)
  Erica (D:11)
  3 death yaks (Lair:2)
  A two-headed ogre (D:11)
  Nergalle (D:11)
  Lodul (D:10)
  Pikel (D:8)
  A deep elf pyromancer (D:10)
  2 ugly things
  A cyclops (D:11)
  2 black mambas
  5 cane toads
  A centaur skeleton (Abyss:1)
  A torpor snail (Lair:1)
  3 komodo dragons
  Psyche (D:8)
  A rime drake (Lair:2)
  2 trolls
  3 merfolk (Lair:2)
  2 polar bears (Lair:3)
  2 hornets
  Grinder (D:6)
  19 blink frogs
  A vampire (D:11)
  A shadow (D:11)
  3 wyverns
  2 wraiths (D:11)
  26 yaks
  3 basilisks
  3 steam dragons
  9 water moccasins
  4 orc warriors
  2 sky beasts
  An ice beast (D:5)
  2 black bears
  2 centaurs
  15 ogres
  11 wolves
  3 lemures (D:9)
  2 brain worms (Sewer)
  4 kobold brigands
  10 bullfrogs
  A gnoll sergeant (D:6)
  3 scorpions
  7 wights (D:8)
  5 killer bees (D:5)
  4 howler monkeys
  An electric eel (Lair:1)
  2 hounds
  2 jellies (D:4)
  2 gnoll boudas
  10 orc priests
  4 sleepcaps
  7 iguanas
  13 orc wizards
  18 gnolls
  5 river rats (Sewer)
  8 adders
  A shadow imp (D:5)
  A white imp (D:5)
  4 ufetubi
  3 dart slugs
  37 orcs
  14 ball pythons
  8 endoplasms
  5 giant cockroaches
  9 goblins
  7 hobgoblins
  5 jackals
  9 quokkas
  8 bats
  5 frilled lizards (Sewer)
  20 kobolds
  8 rats
399 creatures vanquished.

Vanquished Creatures (collateral kills)
  A death yak (Lair:2)
  Maurice (D:11)
  A lemure (D:9)
3 creatures vanquished.

Grand Total: 402 creatures vanquished

Notes
Turn   | Place    | Note
-------+----------+-------------------------------------------
     0 | D:1      | Gargoyl the Gargoyle Berserker began the quest for the Orb.
     0 | D:1      | Reached XP level 1. HP: 14/14 MP: 1/1
   205 | D:1      | Reached XP level 2. HP: 19/19 MP: 2/2
   277 | D:1      | Reached skill level 3 in Axes
   745 | D:2      | Reached XP level 3. HP: 22/24 MP: 3/3
   823 | D:2      | Found a faded altar of an unknown god.
  1088 | D:2      | Reached ** piety under Trog
  1303 | D:2      | Reached XP level 4. HP: 29/29 MP: 4/4
  1605 | D:3      | Reached XP level 5. HP: 5/33 MP: 5/5
  1712 | Abyss:1  | Cast into level 1 of the Abyss (unwielding a weapon of
                  | distortion)
  1728 | Abyss:1  | Found a corrupted altar of Lugonu.
  1738 | Abyss:1  | Noticed a worldbinder
  1798 | Abyss:1  | Reached skill level 5 in Axes
  1798 | Abyss:1  | Reached XP level 6. HP: 39/39 MP: 6/6
  1829 | D:2      | Escaped the Abyss
  1861 | D:3      | Reached XP level 7. HP: 41/44 MP: 7/7
  2467 | D:4      | Found Zaiggidel's Antique Armour Shop.
  2499 | D:4      | Reached *** piety under Trog
  2760 | D:4      | Found a glowing drain.
  2775 | Sewer    | Entered a sewer
  2947 | Sewer    | Reached skill level 6 in Axes
  2962 | Sewer    | Reached skill level 5 in Fighting
  2962 | Sewer    | Reached XP level 8. HP: 49/49 MP: 8/8
  3823 | D:4      | Reached skill level 5 in Armour
  4159 | D:5      | Entered Level 5 of the Dungeon
  4170 | D:5      | Reached skill level 7 in Axes
  4563 | D:5      | Noticed a yak
  4572 | D:5      | Reached XP level 9. HP: 55/55 MP: 9/9
  4659 | D:5      | Reached skill level 8 in Axes
  4739 | D:5      | Reached skill level 1 in Shields
  5168 | D:5      | Found a staircase to the Ecumenical Temple.
  5310 | D:6      | Noticed Grinder
  5326 | D:6      | Reached skill level 1 in Stealth
  5330 | D:6      | Killed Grinder
  5407 | D:6      | Reached skill level 9 in Axes
  5590 | D:6      | Reached **** piety under Trog
  5706 | D:6      | Reached XP level 10. HP: 39/61 MP: 10/10
  7108 | D:8      | Reached skill level 10 in Axes
  7533 | D:8      | Noticed Psyche
  7544 | D:8      | Killed Psyche
  7545 | D:8      | Reached skill level 5 in Dodging
  7782 | D:9      | Noticed Pikel
  7816 | D:8      | Killed Pikel
  8006 | D:9      | Found a staircase to the Orcish Mines.
  8118 | D:9      | Found a roughly hewn altar of Beogh.
  8442 | D:10     | Entered Level 10 of the Dungeon
  8480 | D:10     | Noticed Lodul
  8489 | D:10     | Reached XP level 11. HP: 68/68 MP: 11/11
  8501 | D:10     | Reached skill level 11 in Axes
  8513 | D:10     | Killed Lodul
  8591 | D:10     | Noticed a green ugly thing
  8607 | D:10     | Killed a green ugly thing
  8983 | D:10     | Noticed a deep elf pyromancer
  9004 | D:10     | Killed a deep elf pyromancer
  9255 | D:10     | Found an ornate altar of the Wu Jian Council.
  9255 | D:10     | Found a hide-covered altar of Uskayaw.
  9347 | D:10     | Found a sacrificial altar of Ru.
  9348 | D:10     | Found a broken altar of Ashenzari.
  9350 | D:10     | Found a basalt altar of Yredelemnul.
  9350 | D:10     | Found a glowing silver altar of Zin.
  9351 | D:10     | Found a sparkling altar of Nemelex Xobeh.
  9353 | D:10     | Found a radiant altar of Vehumet.
  9357 | D:10     | Found a snail-covered altar of Cheibriados.
  9919 | D:11     | Noticed a brown ugly thing
  9926 | D:11     | Killed a brown ugly thing
 10080 | D:11     | Noticed Maurice
 10085 | D:11     | Maurice stole a +1 flail of protection
 10086 | D:11     | Maurice stole 2 curare-tipped darts
 10091 | D:11     | Maurice stole 794 gold
 10114 | D:11     | Something stole 121 gold
 10137 | D:11     | Killed Maurice
 10378 | D:11     | Noticed a cyclops
 10384 | D:11     | Killed a cyclops
 10529 | D:11     | Noticed a two-headed ogre
 10540 | D:11     | Killed a two-headed ogre
 10565 | D:11     | Found a staircase to the Lair.
 10566 | D:11     | Noticed Erica
 10575 | D:11     | Killed Erica
 10617 | D:11     | Reached skill level 12 in Axes
 10744 | D:11     | Noticed Nergalle
 10755 | D:11     | Killed Nergalle
 11028 | Lair:1   | Entered Level 1 of the Lair of Beasts
 11043 | D:11     | Reached XP level 12. HP: 73/76 MP: 12/12
 11329 | Lair:1   | Found an ornate altar of the Wu Jian Council.
 11423 | Lair:1   | Reached skill level 5 in Shields
 12162 | Lair:2   | Noticed a death yak
 12281 | Lair:2   | Noticed a death yak
 12282 | Lair:2   | Noticed a death yak
 12283 | Lair:2   | Noticed a death yak
 12295 | Lair:2   | Killed a death yak
 12296 | Lair:2   | Reached skill level 10 in Fighting
 12299 | Lair:2   | Killed a death yak
 12300 | Lair:2   | Reached skill level 13 in Axes
 12310 | Lair:2   | Killed a death yak
 12312 | Lair:2   | Killed a death yak
 12591 | Lair:2   | Reached XP level 13. HP: 72/83 MP: 13/13
 12848 | Lair:2   | Reached skill level 1 in Long Blades
 13367 | Lair:2   | Found a staircase to the Shoals.
 14503 | Lair:3   | Reached skill level 14 in Axes
 14645 | Lair:3   | Mangled by a komodo dragon

Illustrated notes

Levels and vault maps discovered:
D:1:      ncdulo_wetmaze, layout_basic
D:2:      layout_basic, dreamdust_ecumenical_altar_hidden_monk_grotto,
          minmay_mini_jars
D:3:      layout_loops_cross, nicolae_elevator_lobby_asterisk
D:4:      layout_basic, serial_shops, shop, gup_sewer_entry_pipe
D:5:      layout_cave_pools, minmay_temple_entry_poolview, nzn_random_ring
D:6:      layout_basic, hellmonk_no_cap, uniq_grinder
D:7:      layout_loops_ring
D:8:      layout_rooms, roderic_lattice_a, minivault_19, uniq_psyche
D:9:      layout_cave_pools, minmay_orc_entry_temple_small, eino_tiny_chamber,
          uniq_pikel
D:10:     layout_basic, nicolae_overflow_hallway_of_the_gods, uniq_lodul
D:11:     layout_grid_maze, lair_entry_dummy, glass_columns_a,
          minmay_misc_feat_chi, minivault_22, uniq_maurice, uniq_nergalle,
          uniq_erica
D:12:     layout_irregular_city, serial_ice, serial_ice_b, serial_ice_j,
          serial_ice_e, serial_ice_h, serial_ice_c, serial_ice_o, serial_ice_f,
          serial_ice_a, portal_ice_cave_entry_imps, minmay_misc_feat_diagonals,
          kennysheep_cross_bottleneck, uniq_rupert, uniq_fannar
Lair:1:   layout_chaotic_city, basic_altar, lemuel_fruit_tree
Lair:2:   layout_chaotic_city, mainiacjoe_shoals_entry_four_pools
Lair:3:   layout_concentric_octagons, spider_nest_entry_rubble,
          minmay_stone_trees_large, nicolae_lair_lakeside_cave

Skill      XL: |  1  2  3  4  5  6  7  8  9 10 11 12 13 |
---------------+----------------------------------------+-----
Axes           | 3 5 6 7 9 10 12 13 14 | 14.1
Armour         | 3 4 5 6 7 8 9 |  9.2
Dodging        | 2 3 4 5 6 7 |  7.7
Fighting       | 4 5 6 8 9 10 11 | 11.4
Shields        | 1 3 4 5 6 |  6.5
Stealth        | 1 2 3 4 |  4.0
Long Blades    | 2 |  2.3

Action                     |  1- 3 |  4- 6 |  7- 9 | 10-12 | 13-15 || total
---------------------------+-------+-------+-------+-------+-------++-------
  Melee: Hand axe          |   106 |    40 |   416 |   564 |   227 ||  1353
         War axe           |       |       |       |    51 |       ||    51
         Scimitar          |       |       |       |       |    23 ||    23
  Throw: Dart              |       |       |       |     1 |       ||     1
 Invoke: Berserk           |     2 |     3 |    14 |    24 |     8 ||    51
         Trog's Hand       |       |       |     4 |    12 |     3 ||    19
         Brothers in Arms  |       |       |       |     3 |       ||     3
    Use: Scroll            |     5 |       |     7 |    12 |     2 ||    26
         Potion            |       |       |     2 |     1 |       ||     3
   Stab: Sleeping          |       |       |       |     1 |       ||     1
 Armour: Animal skin       |    12 |       |       |       |       ||    12
         Ring mail         |    90 |    32 |   327 |   449 |   192 ||  1090
  Dodge: Dodged            |    84 |    31 |   253 |   341 |   128 ||   837
  Block: Buckler           |       |       |    44 |   159 |    52 ||   255

Table legend: (Time is in decaauts)
 A = Elapsed time spent in this place.
 B = Non-inter-level travel time spent in this place.
 C = Inter-level travel time spent in this place.
 D = Time resting spent in this place.
 E = Time spent auto-exploring this place.
 F = Levels seen in this place.
 G = Mean time per level.
                   A        B        C        D        E       F      G
               +--------+--------+--------+--------+--------+-----+--------+
         Total |  15121 |  14810 |    311 |   2084 |   9206 |  17 |  889.5 |
       Dungeon |  10277 |  10057 |    220 |   1402 |   6422 |  12 |  856.4 |
          Lair |   3551 |   3460 |     91 |    594 |   1995 |   3 | 1183.7 |
         Abyss |    121 |    121 |      0 |     32 |     23 |   1 |  121.0 |
         Sewer |   1171 |   1171 |      0 |     55 |    765 |   1 | 1171.0 |
               +--------+--------+--------+--------+--------+-----+--------+

Top non-repeatable levels by time:
  Lair:2: 1716 daAuts
    D:11: 1559 daAuts
   Sewer: 1171 daAuts
    D:10: 1118 daAuts
     D:5: 1102 daAuts
  Lair:1: 1028 daAuts
     D:2: 1024 daAuts
     D:6: 978 daAuts
     D:7: 817 daAuts
     D:8: 815 daAuts
  Lair:3: 805 daAuts
     D:4: 805 daAuts
     D:1: 711 daAuts
     D:9: 672 daAuts
     D:3: 670 daAuts
